 Dungeon Crawl Stone Soup version 0.29.1-debian-1-gc3f1650bb9 (webtiles) character file.

Game seed: 17701415861524528974

169 Pilot the Shield-Bearer (level 5, 0/42 HPs)
             Began as a Formicid Fighter on Sept 12, 2022.
             Was an Initiate of Elyvilon.
             Slain by an orc warrior
             ... wielding a +0 hand axe
              (3 damage)
             ... in a bailey.
             The game lasted 00:09:16 (2206 turns).

Pilot the Shield-Bearer (Formicid Fighter)          Turns: 2206, Time: 00:09:16

Health: 0/42       AC:  8    Str: 21    XL:     5   Next: 79%
Magic:  5/5        EV: 10    Int:  7    God:    Elyvilon [......]
Gold:   155        SH:  5    Dex: 15    Spells: 4/4 levels left

rFire   . . .      SeeInvis +   a - +0 long sword
rCold   . . .      Faith    .   c - +0 buckler
rNeg    . . .      Spirit   .   b - +0 scale mail
rPois   .          Reflect  .   (helmet unavailable)
rElec   .          Harm     .   q - +0 cloak
rCorr   .          Rampage  .   (no gloves)
Will    .....                   (no boots)
Stlth   +.........              (no amulet)
HPRegen 0.14/turn               l - ring of wizardry
MPRegen 0.09/turn               (no ring)

@: no status effects
A: permanent stasis, dig shafts and tunnels, antennae 3, four strong arms
a: Dig, Renounce Religion


You were in a bailey.
You worshipped Elyvilon.
Elyvilon was noncommittal.
You visited 1 branch of the dungeon, and saw 7 of its levels.
You also visited: Bailey.

You collected 155 gold pieces.

Inventory:

Hand Weapons
 a - a +0 long sword (weapon)
Missiles
 j - 3 silver javelins
Armour
 b - a +0 scale mail (worn)
 c - a +0 buckler (worn)
 q - a +0 cloak (worn)
Jewellery
 l - a ring of wizardry (left hand)
Scrolls
 f - a scroll of fear {unknown}
 g - a scroll of magic mapping {unknown}
 h - a scroll of vulnerability {unknown}
 i - a scroll of butterflies {unknown}
 m - a scroll of amnesia {unknown}
 n - 2 scrolls of identify {unknown}
 o - a scroll of silence {unknown}
 r - a scroll of brand weapon {unknown}
Potions
 d - a potion of might
 e - a potion of magic {unknown}
 k - a potion of invisibility {unknown}
 p - a potion of curing {unknown}


   Skills:
 + Level 4.0 Fighting
 - Level 2.3 Long Blades
 + Level 1.3 Throwing
 + Level 4.1 Armour
 + Level 1.4 Dodging
 + Level 2.2 Stealth
 + Level 4.9 Shields


You had 4 spell levels left.
You didn't know any spells.
Your spell library contained the following spells:

 Spells                   Type           Power      Damage    Failure   Level
 Portal Projectile        Hex/Tloc       0%         N/A       85%         3
 Tukima's Dance           Hex            0%         N/A       85%         3
 Blade Hands              Tmut           0%         N/A       100%        5


Dungeon Overview and Level Annotations

Branches:
Dungeon (8/15)               Lair (0/5) D:8          Bailey (1/1)
 Temple: D:4-7

Altars:
Elyvilon
Zin
The Shining One

Annotations:
D:7 Pikel


Innate Abilities, Weirdness & Mutations

You cannot be hasted, slowed, berserked, paralysed or teleported.
You can dig through walls and to a lower floor.
You have a pair of large antennae on your head. (SInv)
Your four strong arms can wield two-handed weapons with a shield.


Message History

The orc warrior shouts!
You hear a shout! x2
You hit the orc warrior.
The orc warrior is lightly wounded.
The orc warrior hits you with a +0 hand axe.
You miss the orc warrior.
The orc warrior is lightly wounded.
The orc warrior hits you with a +0 hand axe.
You slash the orc warrior!
The orc warrior is moderately wounded.
The orc warrior barely misses you.
The orc warrior hits you with a +0 hand axe.
You closely miss the orc warrior.
The orc warrior is moderately wounded.
You block the orc warrior's attack.
You closely miss the orc warrior.
The orc warrior is moderately wounded.
You block the orc warrior's attack.
You hit the orc warrior but do no damage.
The orc warrior is moderately wounded.
The orc warrior hits you with a +0 hand axe!
You hit the orc warrior.
The orc warrior is moderately wounded.
You block the orc warrior's attack.
The orc warrior hits you with a +0 hand axe.
* * * LOW HITPOINT WARNING * * *
You closely miss the orc warrior.
The orc warrior is moderately wounded.
The orc warrior hits you but does no damage.
You block the orc warrior's attack.
You slash the orc warrior!
The orc warrior is heavily wounded.
You block the orc warrior's attack.
The orc warrior attacks as you move away!
The orc warrior barely misses you.
You hit the orc warrior.
The orc warrior is severely wounded.
The orc warrior hits you with a +0 hand axe!
* * * LOW HITPOINT WARNING * * *
The orc warrior hits you with a +0 hand axe.
You die...

#......... ........g
♣♣ ♣♣♣ ###.....{{.
♣♣.♣♣.♣♣ ###.#'#
♣......♣♣###.....###
♣♣......##.........##
♣♣.......#...g.......#
♣........'...o.......#
♣..∩.∩..'..@g.⌠.....#
♣......))...........#
♣.......#...........#
♣.......##.........##
♣♣....♣♣♣###.....###{
♣...♣♣ ###.#+#{ {
♣♣♣♣♣ ###


You could see an orc warrior and 2 goblins.

Vanquished Creatures
  A water moccasin (D:4)
  An adder (D:2)
  3 worms
  A dart slug (D:3)
  2 orcs
  2 bats (D:2)
  3 endoplasms
  2 giant cockroaches (D:2)
  7 goblins
  4 hobgoblins
  5 jackals (D:2)
  A quokka (D:2)
  4 ball pythons
  A frilled lizard (D:3)
  2 kobolds
  5 rats
44 creatures vanquished.

Notes
Turn   | Place    | Note
-------+----------+-------------------------------------------
     0 | D:1      | Pilot the Formicid Fighter began the quest for the Orb.
     0 | D:1      | Reached XP level 1. HP: 18/18 MP: 1/1
    13 | D:1      | You fall into a shaft and drop 1 floor!
    52 | D:2      | Reached XP level 2. HP: 16/24 MP: 2/2
   233 | D:1      | Reached XP level 3. HP: 28/29 MP: 3/3
  1012 | D:1      | Reached XP level 4. HP: 37/37 MP: 4/4
  1277 | D:2      | Found a faded altar of an unknown god.
  1431 | D:3      | Reached skill level 1 in Stealth
  1735 | D:3      | You fall into a shaft and drop 1 floor!
  1735 | D:4      | Found a glowing golden altar of the Shining One.
  1735 | D:4      | Found a white marble altar of Elyvilon.
  1735 | D:4      | Found a glowing silver altar of Zin.
  1747 | D:4      | Became a worshipper of Elyvilon the Healer
  1828 | D:4      | Noticed a water moccasin
  1851 | D:4      | Killed a water moccasin
  1852 | D:4      | Reached skill level 1 in Throwing
  1852 | D:4      | Reached skill level 1 in Dodging
  1852 | D:4      | Reached XP level 5. HP: 26/42 MP: 5/5
  1996 | D:4      | Noticed an ogre
  2005 | D:4      | You fall into a shaft and drop 3 floors!
  2055 | D:6      | Noticed a steam dragon
  2085 | D:7      | Noticed Pikel
  2085 | D:7      | Noticed a lemure
  2085 | D:7      | Noticed a lemure
  2085 | D:7      | Noticed a lemure
  2086 | D:7      | Noticed a lemure
  2088 | D:7      | You fall into a shaft and drop 1 floor!
  2090 | D:8      | Found a staircase to the Lair.
  2097 | D:8      | Noticed a kobold brigand
  2128 | D:8      | Found a flagged portal.
  2137 | Bailey   | Entered a bailey
  2190 | Bailey   | Noticed an orc warrior
  2206 | Bailey   | Slain by an orc warrior

Illustrated notes

Levels and vault maps discovered:
D:1:      moated_graveyard_arrival, layout_loops_ring, amethyst_killhole
D:2:      minmay_chambers_of_twos, layout_basic, shapermc_ecumenical_altar_petra
D:3:      minmay_bubble_buster, layout_rooms
D:4:      layout_cave_pools, dreamdust_divine_triumvirate,
          minmay_temple_entry_mist, serial_forest, infiniplex_forest_diagonal,
          infiniplex_forest_clump_double, infiniplex_forest_fountain,
          infiniplex_forest_lined_ring, infiniplex_forest_zigzag_2,
          infiniplex_forest_straight_1
D:6:      layout_basic, minivault_5, minmay_misc_feat_room,
          nicolae_underground_beach
D:7:      layout_rooms, jmf_multi_god_temple2, uniq_prince_ribbit1, uniq_pikel
D:8:      kennysheep_blocky_room, layout_loops_ring, nzn_hepliaklqana_mist_gate,
          enter_bailey_1, biasface_ghost_orc_armoury, uniq_maurice
Bailey:   bailey_axe_minmay_hex_keep, bailey

Skill      XL: |  1  2  3  4 |
---------------+-------------+-----
Stealth        | 2 |  2.2
Fighting       | 4 |  4.0
Throwing       | 1 |  1.3
Armour         | 4 |  4.1
Dodging        | 1 |  1.4
Long Blades    | |  2.3
Shields        | |  4.9

Action                   |  1- 3 |  4- 6 || total
-------------------------+-------+-------++-------
Melee: Long sword        |    86 |    75 ||   161
 Abil: Shaft Self        |     1 |     3 ||     4
       Dig               |       |     1 ||     1
Armor: Scale mail        |    61 |    36 ||    97
Dodge: Dodged            |    51 |    40 ||    91
Block: Buckler           |    28 |    31 ||    59
